 Dungeon Crawl Stone Soup version 0.30.0 (webtiles) character file.

Game seed: 5504667135008087240

77 workbot the Chopper (level 4, 0/35 HPs)
             Began as a Demonspawn Chaos Knight on May 5, 2023.
             Was a Plaything of Xom.
             Slain by an iguana (6 damage)
             ... on level 5 of the Dungeon.
             The game lasted 00:07:30 (2202 turns).

workbot the Chopper (Demonspawn Chaos Knight)       Turns: 2202, Time: 00:07:32

Health: 0/35       AC:  9    Str: 14    XL:     4   Next: 14%
Magic:  4/4        EV:  7    Int: 13    God:    Xom [*.....]
Gold:   121        SH:  5    Dex: 13    Spells: 3/3 levels left

rFire   + . .        f - +0 war axe
rCold   x . .        (no shield)
rNeg    . . .        h - +0 chain mail
rPois   .            (no helmet)
rElec   .            e - +0 cloak
rCorr   .            (no gloves)
SInv    .            (no boots)
Will    .....        j - amulet of reflection Stlth
                     g - ring of fire
HPRegen 0.25/turn    (no ring)
MPRegen 0.09/turn

%: reflection
@: about to teleport
A: hooves 1, demonic guardian 1
a: Renounce Religion


You were on level 5 of the Dungeon.
You worshipped Xom.
You were a special plaything of Xom.
You visited 1 branch of the dungeon, and saw 4 of its levels.

You collected 121 gold pieces.

Inventory:

Hand Weapons
 f - a +0 war axe (weapon)
Armour
 e - a +0 cloak (worn)
 h - a +0 chain mail (worn)
Jewellery
 g - a ring of fire (left hand)
 j - an amulet of reflection (around neck)
Wands
 i - a wand of flame (22)
Scrolls
 a - a scroll of poison
 d - a scroll of teleportation
 l - a scroll of blinking
 m - a scroll of amnesia {unknown}
Potions
 b - a potion of curing
 k - a potion of might {unknown}
 n - a potion of heal wounds {unknown}
Miscellaneous
 c - a piece from Xom's chessboard (15/15) (quivered)


   Skills:
 - Level 3.0 Fighting
 + Level 4.6 Axes
 - Level 1.7 Armour
 - Level 0.8 Dodging


You had 3 spell levels left.
You didn't know any spells.
Your spell library contained the following spells:

 Spells                   Type           Power      Damage    Failure   Level
 Apportation              Tloc           0%         N/A       99%         1
 Beastly Appendage        Tmut           0%         N/A       99%         1
 Necrotise                Necr           0%         1d4       99%         1
 Summon Small Mammal      Summ           0%         N/A       99%         1
 Ensorcelled Hibernation  Hex/Ice        0%         N/A       100%        2
 Wereblood                Tmut           0%         N/A       100%        2
 Spider Form              Tmut/Pois      0%         N/A       100%        3
 Anguish                  Hex/Necr       0%         N/A       100%        4


Dungeon Overview and Level Annotations

Branches:
Dungeon (3/15)

Altars:
Sif Muna
Uskayaw


Innate Abilities, Weirdness & Mutations

You have large cloven feet.
A weak demonic guardian rushes to your aid.


Message History

The iguana bites you but does no damage.
You hit the iguana but do no damage. Your kick misses the iguana.
An adder comes into view.
The iguana bites you!
You hit the iguana but do no damage. Your kick misses the iguana.
You hit the orc.
The iguana bites you but does no damage.
The orc hits you with a +0 club.
Your iron imp hits the orc.
The orc dies!
You hit the iguana but do no damage. x2; The iguana closely misses you.
You block the iguana's attack. The iguana barely misses you.
The iguana bites you.
You hit the iguana.
The iguana is moderately wounded.
You hit the iguana but do no damage.
Your iron imp hits the iguana but does no damage.
The adder bites your iron imp but does no damage.
The iguana barely misses you. The iguana bites you.
You barely miss the iguana. Your kick misses the iguana.
The iguana is moderately wounded.
You hit the iguana. The adder bites your iron imp.
Your iron imp hits the iguana but does no damage.
The iguana bites you!
A demonic guardian appears!
The iguana bites you but does no damage.
The adder bites your iron imp.
As you read the scroll of teleportation, it crumbles to dust.
You feel strangely unstable. The iguana bites you!
* * * LOW HITPOINT WARNING * * *
The iguana bites you.
* * * LOW HITPOINT WARNING * * *
Your iron imp hits the adder.
The adder completely misses your iron imp.
You are too injured to fight recklessly!
You barely miss the iguana.
The iguana is moderately wounded.
You slash the iguana!
The adder bites your iron imp but does no damage.
The iguana bites you.
You die... "Boring in life, boring in death..."

#............
#............
#.............
#.............#
###.............#
................#
......ll5.......#
.....S5@........#
................#
................#
................#
#+###.....#######
. #.....# ...
#.....#
.....#.....#
#.......#######


You could see 2 iguanas, an adder (ally target), a friendly iron imp (summoned)
and a friendly white imp (summoned).

Vanquished Creatures
  2 adders (D:2)
  4 ball pythons
  2 bats
  8 endoplasms
  2 giant cockroaches (D:1)
  5 goblins
  5 hobgoblins
  2 quokkas
  3 frilled lizards
  2 kobolds
  22 rats
57 creatures vanquished.

Vanquished Creatures (collateral kills)
  An orc (D:5)
1 creature vanquished.

Grand Total: 58 creatures vanquished

Notes
Turn   | Place    | Note
-------+----------+-------------------------------------------
     0 | D:1      | workbot the Demonspawn Chaos Knight began the quest for the
                  | Orb.
     0 | D:1      | Reached XP level 1. HP: 18/18 MP: 1/1
    44 | D:1      | XOM: potion effect (invisibility)
    84 | D:1      | Reached skill level 3 in Axes
   179 | D:1      | XOM: silly message
   326 | D:1      | Discovered your monstrous ancestry.
   326 | D:1      | Gained mutation: You have large cloven feet. [demonic
                  | ancestry]
   326 | D:1      | Reached XP level 2. HP: 21/24 MP: 2/2
   635 | D:2      | XOM: stealth player
   679 | D:2      | XOM: cloud trail
   751 | D:2      | Gained mutation: A weak demonic guardian rushes to your
                  | aid. [demonic ancestry]
   751 | D:2      | Reached XP level 3. HP: 27/29 MP: 3/3
  1046 | D:2      | Reached skill level 4 in Axes
  1123 | D:2      | XOM: potion effect (invisibility)
  1832 | D:3      | XOM: divination: magic mapping
  1838 | D:3      | Reached XP level 4. HP: 35/35 MP: 4/4
  1893 | D:3      | Found a hide-covered altar of Uskayaw.
  1920 | D:3      | Found a shimmering blue altar of Sif Muna.
  1930 | D:3      | XOM: god gift: scroll of teleportation
  2111 | D:3      | XOM: 4-stop teleportation journey
  2181 | D:3      | You fall into a shaft and drop 2 floors!
  2181 | D:5      | Entered Level 5 of the Dungeon
  2193 | D:5      | XOM: summons friendly iron imp
  2202 | D:5      | Slain by an iguana

Illustrated notes

Levels and vault maps discovered:
D:1:      lemuel_arrival_broad_hall, layout_rooms, serial_forest,
          infiniplex_forest_lined_2, infiniplex_forest_straight_4,
          infiniplex_forest_end_2, infiniplex_forest_lined_2,
          infiniplex_forest_lined_2
D:2:      layout_basic
D:3:      layout_basic, general_overflow_altar, lemuel_tele_altar,
          mainiacjoe_overflow_surrounded_room, minmay_misc_feat_tower,
          st_stairs_7, minmay_rat_hole, uniq_terence, uniq_natasha
D:5:      layout_gridville, ashenzari_altar_1, lemuel_temple_firewalk_b,
          uniq_pikel

Skill      XL: |  1  2  3 |
---------------+----------+-----
Axes           | 3 4 |  4.6
Fighting       | |  3.0
Armour         | |  1.7
Dodging        | |  0.8

Action                     |  1- 3 |  4- 6 || total
---------------------------+-------+-------++-------
  Melee: Hand axe          |    13 |       ||    13
         War axe           |   108 |    22 ||   130
         Kick              |    18 |     3 ||    21
         Punch             |     1 |       ||     1
    Use: Scroll            |     5 |     1 ||     6
         Potion            |     2 |       ||     2
   Stab: Sleeping          |     1 |       ||     1
         Invisible         |     3 |       ||     3
 Armour: Leather armour    |    15 |       ||    15
         Chain mail        |    37 |    10 ||    47
  Dodge: Dodged            |    54 |     9 ||    63
  Block: Other             |     7 |     9 ||    16
